 Dungeon Crawl Stone Soup version 0.25-a0-424-g80bd347ae0 (webtiles) character file.

Game seed: 13414279270761212390, levelgen mode: deterministic

270 DerDa the Magician (level 6, 0/49 HPs)
             Began as a Naga Wizard on Jan 21, 2020.
             Was an Initiate of Sif Muna.
             Splashed by Ijyb's acid (8 damage)
             ... on level 3 of the Dungeon.
             The game lasted 00:10:02 (2915 turns).

DerDa the Magician (Naga Wizard)                    Turns: 2915, Time: 00:10:02

Health: 0/49       AC: -5    Str: 12    XL:     6   Next: 22%
Magic:  3/13       EV: 10    Int: 25    God:    Sif Muna [......]
Gold:   133        SH:  0    Dex: 11    Spells: 5/14 levels left

rFire    + . .     SeeInvis +   e - +0 short sword
rCold    + + .     Gourm    .   (no shield)
rNeg     . . .     Faith    .   a - +0 robe
rPois    +         Spirit   .   b - +0 hat
rElec    +         Reflect  .   (no cloak)
rCorr    +         Harm     .   (no gloves)
MR       .....                  (no barding)
Stlth    +.........             (no amulet)
HPRegen  0.16/turn              i - ring of protection from cold
MPRegen  0.13/turn              r - ring of attention (curse)

@: brilliant, short of breath, resistant, corroded, flying, very slow
A: large, see invisible, agile 1, deformed body, poison resistance, slowness 2,
slow metabolism 1, spit poison 1, strong 1, AC +2
a: Spit Poison, Renounce Religion


You were on level 3 of the Dungeon.
You worshipped Sif Muna.
Sif Muna was noncommittal.
You were not hungry.

You visited 1 branch of the dungeon, and saw 3 of its levels.

You collected 133 gold pieces.

Inventory:

Hand Weapons
 e - a +0 short sword (weapon)
 u - a cursed +0 hand axe
 v - a +0 falchion
 A - a +0 hunting sling
Missiles
 f - 131 stones
 n - 16 sling bullets
 o - 8 atropa-tipped darts (quivered)
 y - 3 poisoned darts
Armour
 a - a +0 robe (worn)
 b - a +0 hat (worn)
Jewellery
 i - a ring of protection from cold (left hand)
 q - an uncursed ring of ice
 r - a cursed ring of attention (right hand)
 w - an uncursed amulet of harm {unknown}
Wands
 s - a wand of flame (19)
Scrolls
 c - 2 scrolls of teleportation {unknown}
 g - a scroll of fear {unknown}
 k - 2 scrolls of enchant weapon {unknown}
 l - 2 scrolls of identify {unknown}
 p - 2 scrolls of enchant armour {unknown}
Potions
 j - a potion of brilliance
Comestibles
 d - 6 rations
 z - 4 chunks of flesh


   Skills:
 - Level 1.5 Dodging
 - Level 3.0 Stealth
 * Level 4.7 Spellcasting
 * Level 4.0 Conjurations
   Level 1.0 Summonings
 - Level 1.0 Translocations
 + Level 2.4 Poison Magic


You had 5 spell levels left.
You knew the following spells:

 Your Spells              Type           Power        Failure   Level  Hunger
a - Magic Dart            Conj           ####         1%          1    None
b - Mephitic Cloud        Conj/Pois/Air  ####....     1%          3    ##.....
c - Conjure Flame         Conj/Fire      ####....     1%          3    ##.....
q - Blink                 Tloc           N/A          1%          2    None

Your spell library contained the following spells:

 Spells                   Type           Power        Failure   Level  Hunger
 Call Imp                 Summ           ####....     1%          2    None
 Slow                     Hex            ###.....     1%          2    None


Dungeon Overview and Level Annotations

Branches:
Dungeon (3/15)

Altars:
Cheibriados
Elyvilon
Makhleb
Sif Muna

Annotations:
D:3 Ijyb


Innate Abilities, Weirdness & Mutations

You cannot wear boots.
Your serpentine skin is tough. (AC +2)
You have supernaturally acute eyesight. (SInv)
Armour fits poorly on your strangely shaped body.
Your system is resistant to poisons. (rPois)
You cover ground very slowly.
You have a slow metabolism.
You can spit poison.
You are agile. (Dex +2)
Your muscles are strong. (Str +2)


Message History

Casting: Magic Dart (safe; 1% risk of failure)
Confirm with . or Enter, or press ? or * to list all spells.
Aiming: Magic Dart (safe; 1% risk of failure)
Press: ? - help, Shift-Dir - straight line, f/p - Ijyb
Aim: Ijyb, wielding a +0 club, wearing a +2 leather armour of poison resistance and carrying a wand of acid (5) (heavily wounded)
The magic dart hits Ijyb.
Ijyb is heavily wounded.
Ijyb screams, "Level is mine!
All mine!"
Ijyb zaps a wand.
The bolt of acid misses you.
Casting: Magic Dart (safe; 1% risk of failure)
Confirm with . or Enter, or press ? or * to list all spells.
Aiming: Magic Dart (safe; 1% risk of failure)
Press: ? - help, Shift-Dir - straight line, f/p - Ijyb
Aim: Ijyb, wielding a +0 club, wearing a +2 leather armour of poison resistance and carrying a wand of acid (4) (heavily wounded)
The magic dart hits Ijyb but does no damage.
Ijyb is heavily wounded.
Ijyb zaps a wand.
The bolt of acid hits you. You resist.
* * * LOW HITPOINT WARNING * * *
The acid corrodes you!
You are splashed with acid!
You resist.
You die...

#..
#..#########≈≈.#
#..
#..........#≈≈.#
#..
#..........'...#
#..
#..........)...#
#..
#..........'...#
#..
#..........#≈≈##
#''##..#########≈≈#
#..g...#...#..≈≈≈##
#..@)).'...'..≈≈≈#
#......#...#..≈≈##
#################


You could see Ijyb.

Vanquished Creatures
  A black bear (D:3)
  Terence (D:2)
  6 adders
  4 oozes
  A worm (D:3)
  3 dart slugs
  9 bats
  2 giant cockroaches
  13 goblins
  9 hobgoblins
  9 jackals
  11 kobolds
  6 frilled lizards
  7 rats
82 creatures vanquished.

Notes
Turn   | Place    | Note
-------+----------+-------------------------------------------
     0 | D:1      | DerDa the Naga Wizard began the quest for the Orb.
     0 | D:1      | Reached XP level 1. HP: 15/15 MP: 4/4
   127 | D:1      | Reached XP level 2. HP: 22/22 MP: 1/6
   453 | D:1      | Reached XP level 3. HP: 27/28 MP: 3/7
  1031 | D:1      | Learned a level 3 spell: Mephitic Cloud
  1034 | D:1      | Learned a level 2 spell: Blink
  1038 | D:1      | Learned a level 3 spell: Conjure Flame
  1207 | D:2      | Noticed Terence
  1221 | D:2      | Reached XP level 4. HP: 21/36 MP: 0/9
  1484 | D:2      | Killed Terence
  1484 | D:2      | Reached skill level 1 in Poison Magic
  1564 | D:2      | Reached XP level 5. HP: 42/42 MP: 0/11
  1612 | D:2      | Found a white marble altar of Elyvilon.
  1823 | D:2      | Found a shimmering blue altar of Sif Muna.
  1835 | D:2      | Became a worshipper of Sif Muna the Loreminder
  2081 | D:3      | Found a burning altar of Makhleb.
  2543 | D:3      | Found a snail-covered altar of Cheibriados.
  2543 | D:3      | Noticed a black bear
  2548 | D:3      | Killed a black bear
  2548 | D:3      | Reached XP level 6. HP: 23/49 MP: 5/13
  2891 | D:3      | Noticed Ijyb
  2906 | D:3      | Gained mutation: Your muscles are strong. (Str +2) [potion
                  | of mutation]
  2906 | D:3      | Gained mutation: You are agile. (Dex +2) [potion of
                  | mutation]
  2915 | D:3      | Splashed by Ijyb's acid

Levels and vault maps discovered:
D:1:      lightli_arrival_lavapool, layout_basic, corexii_leaking_fountain
D:2:      layout_basic, lemuel_crystal_altar, nicolae_overflow_crystal_walls,
          serial_bayou_pond_d, uniq_terence
D:3:      kennysheep_goblin_castle, layout_loops_ring, lemuel_doored_altar,
          overflow_temple_1_default, first_ration

Skill      XL: |  1  2  3  4  5  6 |
---------------+-------------------+-----
Conjurations   | 2 3 4 |  4.0
Spellcasting   | 4 |  4.7
Poison Magic   | 1 2 |  2.4
Dodging        | |  1.5
Stealth        | |  3.0
Summonings     | |  1.0
Translocations | |  1.0

Action                   |  1- 3 |  4- 6 || total
-------------------------+-------+-------++-------
Melee: Short sword       |    21 |     8 ||    29
Throw: Stone             |     1 |       ||     1
 Cast: Magic Dart        |    71 |   100 ||   171
       Mephitic Cloud    |       |     1 ||     1
 Abil: Spit Poison       |    11 |    12 ||    23
Evoke: Wand              |       |     2 ||     2
  Use: Potion            |       |     6 ||     6
  Eat: Chunk             |     1 |     5 ||     6
Armor: Robe              |    11 |     9 ||    20
Dodge: Dodged            |    28 |    45 ||    73

Table legend:
 A = Non-vault XP
 B = Vault XP
 C = Vault XP percentage of total XP
 D = Non-vault monster count
 E = Vault monster count
 F = Vault count percentage of total count
                 A         B        C        D         E       F
            +---------+---------+-------+---------+---------+-------
      Total |     323 |      64 |  16.5 |      70 |      12 |  14.6
            +---------+---------+-------+---------+---------+-------
        D:1 |      66 |       0 |   0.0 |      26 |       0 |   0.0
        D:2 |     105 |      32 |  23.4 |      34 |       1 |   2.9
        D:3 |     152 |      32 |  17.4 |      10 |      11 |  52.4
            +---------+---------+-------+---------+---------+-------
